[Event "Titled Tuesday Blitz October 31 Early 2023"]
[White "Barbot, Pierre"]
[Black "leonidsh29"]
[WhiteFideId "663727"]
[WhiteElo "2335"]
[BlackElo "2044"]
[Result "1-0"]
[Round "5"]
[TimeControl "180+1"]
[Date "2023.10.31"]
[WhiteClock "0:00:03"]
[BlackClock "0:00:00"]
[Board "176"]

1. e4 c5 2. Nc3 Nc6 3. Bb5 e6 4. Nf3 Nge7 5. O-O a6 6. Be2 d5 7. exd5 Nxd5 8. d4 cxd4 9. Nxd4 Nxc3 10. bxc3 Qc7 11. f4 Be7 12. Bd3 Bf6 13. Be3 g6 14. Be4 O-O 15. Qf3 Nxd4 16. cxd4 Rb8 17. Rab1 b5 18. a4 b4 19. Rfd1 Bd7 20. g4 Rfd8 21. f5 exf5 22. gxf5 Re8 23. fxg6 hxg6 24. Qxf6 Rxe4 25. Bh6 Rg4+ 26. Kh1 Qc6+ 27. Qxc6 Bxc6+ 28. d5 Bd7 29. h3 Rg3 30. Bf4 Rxh3+ 31. Kg2 Rh4 32. Bxb8 Rg4+ 33. Kf3 Rg5 34. Rd2 Rf5+ 35. Ke3 Rh5 36. Rg1 Rh3+ 37. Kd4 Kg7 38. Be5+ f6 39. Bd6 1-0


[Site "https://www.chess.com"]

[Event "Titled Tuesday Blitz October 31 Early 2023"]
[White "Viskelis, Darius"]
[Black "ivana_999"]
[WhiteFideId "12800830"]
[WhiteElo "2328"]
[BlackElo "2023"]
[Result "1/2-1/2"]
[Round "5"]
[TimeControl "180+1"]
[Date "2023.10.31"]
[WhiteClock "0:01:07"]
[BlackClock "0:01:17"]
[Board "177"]

1. e4 e6 2. d4 d5 3. e5 c5 4. c3 Nc6 5. Nf3 Qb6 6. a3 c4 7. g3 Na5 8. Nbd2 Bd7 9. h4 Ne7 10. Bh3 Nb3 11. Nxb3 Ba4 12. O-O Qxb3 13. Qxb3 Bxb3 14. Bf4 Bc2 15. h5 Bf5 16. g4 Be4 17. Nd2 Bc2 18. Rac1 Ba4 19. Bg3 g6 20. f4 gxh5 21. gxh5 Rg8 22. Kh2 Nf5 23. Bxf5 exf5 24. Rg1 Be7 25. Nf1 Bd7 26. Ne3 Be6 27. Kh3 O-O-O 28. Bh4 Bxh4 29. Kxh4 h6 30. Kh3 b5 31. Kh2 a5 32. Rxg8 Rxg8 33. Rg1 Rxg1 34. Kxg1 Kd7 35. Kf2 Kc6 36. Nc2 Kd7 37. Kg3 Ke7 38. Kh4 Kd7 39. Kg3 Kc6 40. Kh4 Kd7 41. Kg3 1/2-1/2


[Site "https://www.chess.com"]

[Event "Titled Tuesday Blitz October 31 Early 2023"]
[White "Cardozo Munar, Carlos Eduardo"]
[Black "Phillips, Rene"]
[WhiteFideId "4409477"]
[BlackFideId "2056275"]
[WhiteElo "2265"]
[BlackElo "2005"]
[Result "0-1"]
[Round "5"]
[TimeControl "180+1"]
[Date "2023.10.31"]
[WhiteClock "0:00:08"]
[BlackClock "0:00:29"]
[Board "178"]

1. d4 Nc6 2. c3 d5 3. Nf3 Bg4 4. Bf4 Bxf3 5. exf3 e6 6. Bd3 Nf6 7. O-O Bd6 8. Bg5 h6 9. Bh4 g5 10. Bg3 Bxg3 11. fxg3 Qd6 12. Re1 O-O-O 13. Qa4 Kb8 14. Na3 a6 15. b4 Nd7 16. b5 Nb6 17. Qc2 Qxa3 18. bxc6 bxc6 19. Rab1 Ka7 20. Rb3 Qa4 21. Reb1 Rb8 22. Qc1 Nc4 23. Kf2 Rb6 24. Rb4 Qxa2+ 25. Kg1 Rhb8 26. Ra1 Qd2 27. Bxc4 Qxc1+ 28. Rxc1 dxc4 29. Rxc4 Kb7 30. h4 Rb2 31. Rc5 Rb5 32. Rc4 Rd8 33. Ra1 a5 34. Kf2 e5 35. Ke3 f6 36. hxg5 hxg5 37. g4 exd4+ 38. Rxd4 Re8+ 39. Re4 Rd8 40. Ra2 Kb6 41. Re6 Rd6 42. Re4 Rb3 43. Rc2 Rb1 44. g3 Re1+ 45. Kf2 Rxe4 46. fxe4 Re6 47. Ke3 Kb5 48. Kd3 c5 49. c4+ Kc6 50. Rf2 Rd6+ 51. Kc3 Re6 52. Kb3 Kb6 53. Rf5 c6 54. Kc3 Rxe4 55. Rxf6 Rxg4 56. Rf3 a4 57. Kd3 Rd4+ 58. Kc3 Rg4 59. Kd3 a3 60. Kc3 a2 61. Kb2 Rxc4 62. Kxa2 Rb4 63. Ka3 g4 64. Rc3 Kb5 65. Re3 Rb1 66. Re4 Rb4 67. Re3 Rd4 68. Re8 c4 69. Rb8+ Kc5 70. Ka4 Rd3 71. Rf8 Rxg3 72. Rf5+ Kd4 73. Rf4+ Kc3 74. Rf6 Rg1 75. Rxc6 g3 76. Kb5 Kd3 77. Rxc4 Rb1+ 78. Kc5 g2 79. Rd4+ Ke3 80. Rd5 g1=Q 81. Kd6 Qg6+ 82. Kc5 Rc1+ 83. Kb4 Qb6+ 84. Rb5 Rb1+ 85. Ka3 Qxb5 86. Ka2 Qb2# 0-1


[Site "https://www.chess.com"]

[Event "Titled Tuesday Blitz October 31 Early 2023"]
[White "BrandonJiang123456"]
[Black "Desideri, Ricardo Maruchi"]
[BlackFideId "2110440"]
[WhiteElo "2250"]
[BlackElo "1922"]
[Result "0-1"]
[Round "5"]
[TimeControl "180+1"]
[Date "2023.10.31"]
[WhiteClock "0:00:00"]
[BlackClock "0:00:32"]
[Board "179"]

1. e4 c5 2. Nf3 d6 3. Bb5+ Nd7 4. d4 a6 5. Bxd7+ Bxd7 6. O-O cxd4 7. Qxd4 Nf6 8. Nc3 e6 9. Bg5 Be7 10. e5 dxe5 11. Nxe5 O-O 12. Rfd1 Bc6 13. Nxc6 bxc6 14. Qc4 Qb6 15. Bxf6 Bxf6 16. Ne4 Bxb2 17. Rab1 Rfd8 18. Rxd8+ Rxd8 19. h3 Qd4 20. Qxd4 Bxd4 21. Rd1 Bb6 22. Rxd8+ Bxd8 23. Nc5 a5 24. a4 Kf8 25. Nb7 Bc7 26. Nc5 Ke7 27. Nd3 Kd6 0-1


[Site "https://www.chess.com"]

[Event "Titled Tuesday Blitz October 31 Early 2023"]
[White "Thomas, Anysia"]
[Black "Gyulamiryan-koryun"]
[WhiteFideId "670472"]
[WhiteElo "2240"]
[BlackElo "1909"]
[Result "1-0"]
[Round "5"]
[TimeControl "180+1"]
[Date "2023.10.31"]
[WhiteClock "0:01:05"]
[BlackClock "0:00:00"]
[Board "180"]

1. d4 Nf6 2. c4 c5 3. d5 b5 4. cxb5 a6 5. bxa6 Bxa6 6. Nc3 g6 7. e4 Bxf1 8. Kxf1 d6 9. g3 Bg7 10. Kg2 O-O 11. Nf3 Nbd7 12. h3 Qa5 13. Re1 Rfb8 14. Re2 Nb6 15. Qd3 Nfd7 16. Bg5 f6 17. Bf4 Kf7 18. h4 h5 19. Rc1 Na4 20. Nxa4 Qxa4 21. b3 Qa6 22. Qxa6 Rxa6 23. Rcc2 Rba8 24. Kf1 Ra3 25. Bc1 R3a6 26. Ke1 Nb6 27. Kd1 Rc8 28. Nd2 Nd7 29. Nc4 Ne5 30. Nxe5+ fxe5 31. Be3 Bf6 32. Kc1 Rca8 33. Kb1 Ra3 34. Bc1 R3a6 35. f3 e6 36. Red2 Rd8 37. dxe6+ Kxe6 38. Rd5 1-0


[Site "https://www.chess.com"]

[Event "Titled Tuesday Blitz October 31 Early 2023"]
[White "Zivic, Dragan"]
[Black "Bocangel Chavez, Marjoire J."]
[WhiteFideId "904740"]
[BlackFideId "3810500"]
[WhiteElo "2231"]
[BlackElo "1873"]
[Result "1-0"]
[Round "5"]
[TimeControl "180+1"]
[Date "2023.10.31"]
[WhiteClock "0:01:15"]
[BlackClock "0:00:57"]
[Board "181"]

1. c4 e5 2. Nc3 f5 3. Nf3 Nc6 4. d4 exd4 5. Nxd4 Nf6 6. g3 Bc5 7. Nxc6 bxc6 8. Bg2 O-O 9. O-O Bb7 10. b3 d5 11. Na4 Bb4 12. Bb2 Rb8 13. c5 Qe7 14. Qc2 Ne4 15. Rfc1 f4 16. a3 Bd2 17. Bxe4 Bxc1 18. Bxh7+ Kh8 19. Rxc1 fxg3 20. hxg3 Qf6 21. Bxf6 Rxf6 22. Bd3 Rbf8 23. f4 Rh6 24. Kg2 1-0


[Site "https://www.chess.com"]

[Event "Titled Tuesday Blitz October 31 Early 2023"]
[White "Vargas, Mauricio"]
[Black "Faci, Fadil"]
[WhiteFideId "4404572"]
[BlackFideId "4645162"]
[WhiteElo "1866"]
[BlackElo "2228"]
[Result "0-1"]
[Round "5"]
[TimeControl "180+1"]
[Date "2023.10.31"]
[WhiteClock "0:00:00"]
[BlackClock "0:02:34"]
[Board "182"]

1. e4 c5 2. Nf3 d6 3. d4 cxd4 4. Nxd4 Nf6 5. Nc3 g6 6. f3 Bg7 7. Be3 O-O 8. Qd2 Nc6 9. Nde2 Be6 10. g3 Qa5 11. Bg2 Rfc8 12. O-O Ne5 13. Qc1 Nc4 14. Bf4 Qb6+ 15. Kh1 Nh5 16. b3 Nxf4 17. gxf4 Ne3 18. Na4 Qd4 19. Nxd4 Nxf1 0-1


[Site "https://www.chess.com"]

[Event "Titled Tuesday Blitz October 31 Early 2023"]
[White "Quirke, Jeffrey"]
[Black "Mohammadian,Mohammad"]
[WhiteFideId "2013029"]
[BlackFideId "12566055"]
[WhiteElo "2213"]
[BlackElo "1853"]
[Result "1-0"]
[Round "5"]
[TimeControl "180+1"]
[Date "2023.10.31"]
[WhiteClock "0:01:19"]
[BlackClock "0:00:06"]
[Board "183"]

1. e4 e5 2. d4 exd4 3. Qxd4 Nc6 4. Qe3 Be7 5. Nc3 d6 6. Bd2 Nf6 7. O-O-O Be6 8. f4 O-O 9. h3 Re8 10. g4 Bf8 11. Qg3 Bd7 12. Bg2 Nd4 13. g5 Nh5 14. Qf2 c5 15. Nf3 Nxf3 16. Bxf3 g6 17. Bxh5 gxh5 18. Nd5 Bg7 19. Bc3 Bxc3 20. bxc3 Qa5 21. Nf6+ Kh8 22. Qf3 Be6 23. Qxh5 Qa3+ 24. Kd2 Bf5 25. exf5 Re2+ 26. Kxe2 Re8+ 27. Kd2 Re2+ 28. Kxe2 1-0


[Site "https://www.chess.com"]

[Event "Titled Tuesday Blitz October 31 Early 2023"]
[White "Nakamura, Hikaru"]
[Black "Pranav, V"]
[WhiteFideId "2016192"]
[BlackFideId "25060783"]
[WhiteElo "3240"]
[BlackElo "3026"]
[Result "0-1"]
[Round "6"]
[TimeControl "180+1"]
[Date "2023.10.31"]
[WhiteClock "0:00:05"]
[BlackClock "0:00:03"]
[Board "1"]

1. e4 c6 2. d3 d5 3. Nf3 Bg4 4. Nbd2 Nd7 5. h3 Bxf3 6. Qxf3 e6 7. g3 Ngf6 8. Bg2 Bd6 9. Qe2 O-O 10. O-O Re8 11. f4 e5 12. f5 h6 13. g4 dxe4 14. dxe4 Nh7 15. Rd1 Be7 16. Nf3 Qc7 17. h4 Rad8 18. g5 hxg5 19. hxg5 Bc5+ 20. Kh2 g6 21. Bh3 Ndf8 22. Rf1 gxf5 23. Bxf5 Ng6 24. Kg3 Kg7 25. Rh1 Rh8 26. Bd2 Qe7 27. Bxg6 fxg6 28. Rh6 Rdf8 29. Rah1 Qf7 30. b3 Be7 31. Kg2 Qe6 32. Nh4 Nxg5 33. Rxg6+ Qxg6 34. Nxg6 Kxg6 35. Rxh8 Rxh8 36. Qg4 Rg8 37. Qd7 Rg7 38. Qxb7 Nxe4 39. Be1 Kf5+ 40. Kf1 Bf6 41. Qxc6 Kf4 42. Qc4 Rh7 43. Qe2 Ng5 44. Kg2 Kf5 45. Qd3+ e4 46. Qd5+ Be5 47. Bg3 Nf3 48. Bxe5 Nxe5 49. c4 Kf4 50. c5 Rg7+ 51. Kf1 Rh7 52. c6 e3 53. Qd4+ Kf3 54. Qd5+ Kf4 55. b4 Rh2 56. b5 Rf2+ 57. Ke1 Nf3+ 58. Kd1 e2+ 59. Kc2 e1=Q+ 60. Kb3 Qb1+ 61. Ka3 Qc1+ 62. Ka4 Qc2+ 63. Kb4 Qb2+ 64. Kc5 Rc2+ 65. Kd6 Qe5+ 0-1


[Site "https://www.chess.com"]

[Event "Titled Tuesday Blitz October 31 Early 2023"]
[White "Andreikin, Dmitry"]
[Black "Le, Quang Liem"]
[WhiteFideId "4158814"]
[BlackFideId "12401137"]
[WhiteElo "3106"]
[BlackElo "3019"]
[Result "1/2-1/2"]
[Round "6"]
[TimeControl "180+1"]
[Date "2023.10.31"]
[WhiteClock "0:00:06"]
[BlackClock "0:00:11"]
[Board "2"]

1. c4 e5 2. Nc3 Nf6 3. e3 Nc6 4. a3 d5 5. cxd5 Nxd5 6. Qc2 Nxc3 7. Qxc3 Bd6 8. Nf3 O-O 9. b4 Re8 10. Bb2 Qf6 11. Be2 Bg4 12. b5 Nb8 13. h3 Bh5 14. d3 Nd7 15. g4 Bg6 16. h4 e4 17. dxe4 Bxe4 18. Qxf6 Nxf6 19. g5 Nd7 20. O-O Nc5 21. Nd2 Bd3 22. Bxd3 Nxd3 23. Bd4 a6 24. a4 Be5 25. Nf3 Bxd4 26. Nxd4 Re4 27. Rfd1 Nc5 28. Rac1 b6 29. bxa6 Rxh4 30. Nb5 Nxa6 31. Nxc7 Nxc7 32. Rxc7 Rhxa4 33. Rdd7 Rg4+ 34. Kh2 Rxg5 35. Rxf7 Rf8 36. Rxf8+ Kxf8 37. Rb7 Rg6 38. f4 Re6 39. Kg2 Rxe3 40. Rxb6 Kf7 41. Ra6 Re6 42. Ra5 Kf6 43. Kf3 g6 44. Kg4 h5+ 45. Kf3 Rb6 46. Rc5 Rb3+ 47. Kf2 Ke6 48. Rg5 Kf6 49. Ra5 Rc3 50. Rb5 Rc4 51. Kf3 Rc1 52. Rb6+ Kg7 53. Rb7+ Kh6 54. Rb8 Rf1+ 55. Kg3 Re1 56. Rb6 Kg7 57. Rb7+ Kf6 58. Rb6+ Re6 59. Rb5 Re3+ 60. Kf2 Ra3 61. Rc5 h4 62. Rb5 h3 63. Kg1 Ra2 64. Kh1 Rf2 65. Rb3 h2 66. Rb4 Kf5 67. Rb5+ Kxf4 68. Rf5+ Ke3 69. Re5+ Kd4 70. Re4+ Kd5 71. Re5+ Kd4 72. Re4+ Kd3 73. Re3+ Kd4 74. Re4+ 1/2-1/2


[Site "https://www.chess.com"]

[Event "Titled Tuesday Blitz October 31 Early 2023"]
[White "Shimanov, Aleksandr"]
[Black "So, Wesley"]
[WhiteFideId "4198603"]
[BlackFideId "5202213"]
[WhiteElo "2980"]
[BlackElo "3103"]
[Result "1/2-1/2"]
[Round "6"]
[TimeControl "180+1"]
[Date "2023.10.31"]
[WhiteClock "0:00:03"]
[BlackClock "0:00:05"]
[Board "3"]

1. e4 d6 2. d4 Nf6 3. f3 e5 4. d5 Be7 5. Be3 O-O 6. c4 Nfd7 7. Qd2 a5 8. Nc3 Na6 9. Bd3 Nac5 10. Bc2 a4 11. Nge2 Nb6 12. Bd3 f5 13. Bxc5 dxc5 14. exf5 Bxf5 15. Bxf5 Rxf5 16. Qd3 Qd7 17. O-O Raf8 18. Rae1 Bh4 19. Ng3 Rf4 20. b3 Rd4 21. Qc2 axb3 22. axb3 c6 23. dxc6 bxc6 24. Nce4 Qe7 25. Re2 Bxg3 26. hxg3 Nd7 27. Rfe1 h6 28. Qa2 Nf6 29. Nf2 Nd7 30. Qa7 Rf7 31. Qc7 Qe6 32. Ng4 Qg6 33. Qd8+ Kh7 34. Qe8 Rf5 35. Qxg6+ Kxg6 36. Nxe5+ Nxe5 37. Rxe5 Rd3 38. g4 Rxe5 39. Rxe5 Rxb3 40. Rxc5 Rb6 41. Kf2 Kf6 42. Kg3 Ke6 43. Kf4 Kd6 44. Re5 Rb4 45. Re4 Rb2 46. g3 Rb3 47. g5 hxg5+ 48. Kg4 Rc3 49. f4 gxf4 50. gxf4 Kc5 51. Re7 Rc1 52. Kf5 Rg1 53. Re4 Rg3 54. Ke6 Rg4 55. Kf5 Rg3 56. Ke6 Rg4 57. Kf5 Rg2 58. Ke6 Kb4 59. f5 c5 60. Kf7 Rg5 61. Ke6 Rg1 62. Rf4 Rg2 63. Kf7 Kc3 64. Ke6 Kd3 65. Kd5 Rg5 66. Kxc5 g6 67. Kd5 gxf5 68. c5 Ke3 69. Rf1 f4+ 70. Kd6 Rg6+ 71. Kd7 Rg7+ 72. Kd6 Rg6+ 73. Kd7 f3 74. c6 f2 75. Rxf2 Rxc6 76. Kxc6 Kxf2 1/2-1/2


[Site "https://www.chess.com"]

[Event "Titled Tuesday Blitz October 31 Early 2023"]
[White "Pakleza, Zbigniew"]
[Black "Terry, Renato"]
[WhiteFideId "1119290"]
[BlackFideId "3803457"]
[WhiteElo "2828"]
[BlackElo "3026"]
[Result "0-1"]
[Round "6"]
[TimeControl "180+1"]
[Date "2023.10.31"]
[WhiteClock "0:00:01"]
[BlackClock "0:00:04"]
[Board "4"]

1. d4 d5 2. Nf3 Nf6 3. Bf4 e6 4. e3 Bd6 5. Bg3 O-O 6. Nbd2 c5 7. c3 Nc6 8. Bd3 cxd4 9. exd4 Qc7 10. O-O Bxg3 11. hxg3 e5 12. dxe5 Nxe5 13. Nxe5 Qxe5 14. Re1 Qc7 15. Qa4 Qb6 16. Nb3 Bd7 17. Qd4 Qxd4 18. Nxd4 Rfe8 19. f3 h5 20. Kf2 Kf8 21. Bc2 Re7 22. Bb3 Rae8 23. Rxe7 Kxe7 24. Rd1 Kd6 25. Nc2 Kc5 26. Ne3 Be6 27. Bc2 a5 28. a3 Rc8 29. Rd4 Rc7 30. Ke2 Rc6 31. Kd2 Rc7 32. Bb1 Rc8 33. Ba2 Ra8 34. Kd3 b6 35. Kd2 Ra7 36. Bb1 Ra8 37. Rf4 Rd8 38. Rd4 Rd7 39. Ba2 Ra7 40. Nc2 g5 41. Ne1 Rc7 42. Nd3+ Kd6 43. Ne1 Rc8 44. Nc2 Rh8 45. Ne3 Kc5 46. b4+ Kc6 47. bxa5 bxa5 48. Ra4 Kb5 49. Bb3 Rb8 50. Nc2 Kb6 51. Nd4 Bd7 52. Bc2 Bxa4 53. Bxa4 Rg8 54. Bc2 h4 55. g4 h3 56. gxh3 Rh8 57. Ke3 Rxh3 58. Bf5 Rh2 59. Ne2 Rh1 60. Ng3 Rg1 61. Kd4 Rxg3 0-1


[Site "https://www.chess.com"]

[Event "Titled Tuesday Blitz October 31 Early 2023"]
[White "Theodorou, Nikolas"]
[Black "Klukin, Kirill"]
[WhiteFideId "4262875"]
[BlackFideId "24199273"]
[WhiteElo "3011"]
[BlackElo "2858"]
[Result "1-0"]
[Round "6"]
[TimeControl "180+1"]
[Date "2023.10.31"]
[WhiteClock "0:02:08"]
[BlackClock "0:00:15"]
[Board "5"]

1. Nf3 Nf6 2. b3 d5 3. Bb2 e6 4. g3 b6 5. Rg1 Bb7 6. g4 c5 7. g5 Nfd7 8. h4 Nc6 9. e3 Qc7 10. Nc3 a6 11. Bh3 Bd6 12. Qe2 O-O-O 13. O-O-O Kb8 14. Kb1 Rhe8 15. h5 g6 16. h6 b5 17. a4 bxa4 18. Nxa4 Nb6 19. Rg4 c4 20. Nxb6 Qxb6 21. Nd4 cxb3 22. Nxb3 Ne5 23. Ra4 Nc4 24. Rxc4 dxc4 25. Qxc4 Bd5 26. Qa4 Rc8 27. Bf1 Be4 28. Qxe4 Rc7 29. Bg2 Ra7 30. Bd4 1-0


[Site "https://www.chess.com"]

[Event "Titled Tuesday Blitz October 31 Early 2023"]
[White "Galchenko, Matvey"]
[Black "Naroditsky, Daniel"]
[WhiteFideId "24175480"]
[BlackFideId "2026961"]
[WhiteElo "2919"]
[BlackElo "3170"]
[Result "1-0"]
[Round "6"]
[TimeControl "180+1"]
[Date "2023.10.31"]
[WhiteClock "0:00:48"]
[BlackClock "0:00:21"]
[Board "6"]

1. e4 c5 2. c3 d6 3. d4 Nf6 4. Bd3 Nc6 5. Nf3 Bg4 6. d5 Bxf3 7. Qxf3 Ne5 8. Bb5+ Ned7 9. a4 g6 10. O-O Bg7 11. Re1 O-O 12. Bf4 Ne8 13. Nd2 Nc7 14. Bf1 Rb8 15. Nc4 a6 16. Qg3 Nf6 17. Qh4 b6 18. Bg5 Qd7 19. e5 Nfxd5 20. exd6 exd6 21. Rad1 b5 22. axb5 axb5 23. Ne3 Nxe3 24. Rxe3 Ne6 25. Be7 Rfe8 26. Bxd6 Rb6 27. Red3 c4 28. R3d2 Qc8 29. Bb4 Bf8 30. Bxf8 Rxf8 31. Rd7 Ra6 32. Qe7 Qc5 33. Qf6 Qg5 34. Qxg5 Nxg5 35. R7d5 Ne6 36. Rxb5 Rc8 37. Rb4 Rd6 38. Rxd6 1-0


[Site "https://www.chess.com"]

[Event "Titled Tuesday Blitz October 31 Early 2023"]
[White "Martinez Alcantara, Jose Eduardo"]
[Black "Molina, Roberto Junio Brito"]
[WhiteFideId "3805662"]
[BlackFideId "2109450"]
[WhiteElo "3135"]
[BlackElo "2823"]
[Result "0-1"]
[Round "6"]
[TimeControl "180+1"]
[Date "2023.10.31"]
[WhiteClock "0:00:00"]
[BlackClock "0:00:11"]
[Board "7"]

1. e4 c6 2. d4 d5 3. e5 Bf5 4. h4 Qb6 5. Nc3 h6 6. g4 Bd7 7. h5 e6 8. Na4 Qa5+ 9. c3 Qc7 10. Be3 b6 11. b4 a5 12. a3 Ne7 13. f4 Nc8 14. Nf3 Qa7 15. b5 cxb5 16. Nb2 Qc7 17. Bd2 Na7 18. Bd3 Be7 19. O-O Nbc6 20. Qe2 a4 21. f5 Na5 22. Nd1 Nc4 23. Bc1 O-O-O 24. Ne3 Kb7 25. Ng2 Nc6 26. Nf4 N6a5 27. Bc2 Qc8 28. fxe6 fxe6 29. Ng6 Rhe8 30. g5 Bc6 31. gxh6 gxh6 32. Bxh6 Bxa3 33. Bg5 Rd7 34. Ra2 Nb3 35. h6 Rg8 36. Nfh4 Qe8 37. Bd3 Bf8 38. Qh5 Be7 39. Rg2 Bxg5 40. Qxg5 Rh7 41. Qf6 Rxh6 42. Rff2 Ka6 43. Rg3 Nc1 44. Bb1 a3 45. Qg5 Rh7 46. Qxc1 Rxh4 47. Bd3 Rh7 48. Rfg2 Rhg7 49. Qa1 Kb7 50. Qe1 Qd8 51. Qf2 Qc7 52. Qf6 Qf7 53. Rf2 Qxf6 54. exf6 Rf7 55. Kh2 a2 56. Rxa2 Rxf6 57. Rag2 Rg7 58. Bxc4 dxc4 59. Ne5 Rh7+ 60. Kg1 Bxg2 61. Kxg2 Rf5 62. Rg6 Rxe5 0-1


[Site "https://www.chess.com"]

[Event "Titled Tuesday Blitz October 31 Early 2023"]
[White "Alexandre, Anne Shopie Elizabeth"]
[Black "Makarian, Rudik"]
[WhiteFideId "11902418"]
[BlackFideId "44105681"]
[WhiteElo "2820"]
[BlackElo "3041"]
[Result "1-0"]
[Round "6"]
[TimeControl "180+1"]
[Date "2023.10.31"]
[WhiteClock "0:00:46"]
[BlackClock "0:00:07"]
[Board "8"]

1. d4 Nf6 2. c4 e6 3. Nf3 d5 4. Nc3 dxc4 5. e4 b5 6. e5 Nfd7 7. Nxb5 Nb6 8. Be2 Nc6 9. O-O Be7 10. Be3 O-O 11. Rc1 Nb4 12. Nc3 Bb7 13. Nd2 Nd3 14. Rb1 c5 15. dxc5 Bxc5 16. Bxd3 Bxe3 17. Bxh7+ Kxh7 18. fxe3 Qg5 19. Qe2 Qxe5 20. Nf3 Qh5 21. Rbd1 Rad8 22. e4 Kg8 23. Qe3 Bc6 24. h3 Na4 25. Nxa4 Bxa4 26. Rxd8 Rxd8 27. Qxa7 Bc2 28. Qe7 Rf8 29. Nd4 Bd3 30. Nxe6 Rb8 31. Nf4 Qh6 32. Nxd3 cxd3 33. Qxf7+ Kh8 34. Qf3 Rd8 35. b3 d2 36. Rd1 Qb6+ 37. Qf2 Qc7 38. e5 Qc1 39. Qh4+ 1-0


[Site "https://www.chess.com"]

[Event "Titled Tuesday Blitz October 31 Early 2023"]
[White "Kamsky, Gata"]
[Black "Elsa167"]
[WhiteFideId "2000024"]
[WhiteElo "2816"]
[BlackElo "2993"]
[Result "1/2-1/2"]
[Round "6"]
[TimeControl "180+1"]
[Date "2023.10.31"]
[WhiteClock "0:00:11"]
[BlackClock "0:00:30"]
[Board "9"]

1. e4 e6 2. d4 d5 3. exd5 exd5 4. Nf3 Nf6 5. Bd3 Bd6 6. O-O O-O 7. Bg5 c6 8. c3 Bg4 9. Nbd2 Nbd7 10. Re1 Qc7 11. Bh4 Rfe8 12. Qc2 Bh5 13. Bg3 Bxg3 14. hxg3 Bg6 15. Bxg6 hxg6 16. Ng5 Nh7 17. Nxh7 Kxh7 18. Nf3 Kg8 19. Qb3 Qb6 20. Qa3 Nf6 21. Ne5 Re6 22. Nd3 Rae8 23. Rxe6 Rxe6 24. Re1 Rxe1+ 25. Nxe1 Qb5 26. Qxa7 Qe2 27. Qb8+ Kh7 28. Qe5 Qxb2 29. f3 Qxc3 30. g4 Nd7 31. Qe7 Qxd4+ 32. Kf1 Ne5 33. Qh4+ Kg8 34. Qd8+ Kh7 35. Qh4+ Kg8 36. Qd8+ Kh7 37. Qh4+ 1/2-1/2


[Site "https://www.chess.com"]

[Event "Titled Tuesday Blitz October 31 Early 2023"]
[White "Oparin, Grigoriy"]
[Black "Vakhlamov, Igor L."]
[WhiteFideId "24125890"]
[BlackFideId "24126748"]
[WhiteElo "2988"]
[BlackElo "2804"]
[Result "0-1"]
[Round "6"]
[TimeControl "180+1"]
[Date "2023.10.31"]
[WhiteClock "0:00:00"]
[BlackClock "0:00:05"]
[Board "10"]

1. d4 d5 2. Nf3 Nf6 3. g3 c5 4. Bg2 Nc6 5. O-O e6 6. c4 Be7 7. cxd5 exd5 8. Nc3 O-O 9. dxc5 Bxc5 10. Bg5 d4 11. Bxf6 Qxf6 12. Ne4 Qe7 13. Nxc5 Qxc5 14. Qb3 Re8 15. Rfe1 Re7 16. Rac1 Qa5 17. a3 Be6 18. Qd3 Bf5 19. Qd2 Qb6 20. b4 h6 21. Rc5 Be4 22. Nxd4 Bxg2 23. Nf5 Rd8 24. Nxe7+ Nxe7 25. Qe3 Nd5 26. Qe5 f6 27. Qd4 Ne7 28. Qe3 Nd5 29. Qb3 Be4 30. Rd1 Kh7 31. Rcxd5 Rxd5 32. Rxd5 Qe6 33. Rd3 Qh3 34. f3 Bxd3 35. Qxd3+ Kh8 36. g4 Qh4 37. Kg2 b6 38. Qd2 h5 39. Qd8+ Kh7 40. Qd3+ Kh8 41. Qd8+ Kh7 42. Qd5 hxg4 43. Qe4+ Kh8 44. Qe8+ Kh7 45. Qe4+ Kh8 46. Qxg4 Qe1 47. Qe4 Qc3 48. a4 Qb3 49. b5 Qa2 50. h4 Kg8 51. Kg3 Kh8 52. Qe8+ Kh7 53. Qe4+ Kh8 54. Kg4 Qf7 55. h5 Qd7+ 56. Kh4 Qd2 57. Kg3 Qd6+ 58. Kg2 Qd7 59. Qa8+ Kh7 60. Qe4+ Kh8 61. Qf4 Qe7 62. Kf2 Qc5+ 63. Kg2 Qxh5 0-1


[Site "https://www.chess.com"]

[Event "Titled Tuesday Blitz October 31 Early 2023"]
[White "Komov, Roman"]
[Black "Le, Tuan Minh"]
[WhiteFideId "24175714"]
[BlackFideId "12401153"]
[WhiteElo "2787"]
[BlackElo "2976"]
[Result "0-1"]
[Round "6"]
[TimeControl "180+1"]
[Date "2023.10.31"]
[WhiteClock "0:00:12"]
[BlackClock "0:00:06"]
[Board "11"]

1. e4 e5 2. Nf3 Nc6 3. Bc4 Bc5 4. c3 Nf6 5. d3 h6 6. Nbd2 d6 7. O-O O-O 8. h3 a6 9. Bb3 Ba7 10. Re1 Ne7 11. d4 Ng6 12. Nf1 Re8 13. Ng3 c6 14. Bd2 Qc7 15. Qc1 Kh7 16. Bc2 c5 17. dxe5 dxe5 18. Nf5 Bxf5 19. exf5 Nf8 20. c4 Rad8 21. Bc3 N8d7 22. Qe3 Bb8 23. g3 b5 24. Rad1 b4 25. Bd2 e4 26. Nh2 Ne5 27. Ba4 Rd3 28. Qe2 Red8 29. Bf4 Qc8 30. Bxe5 Bxe5 31. Rxd3 Rxd3 32. Bc2 Rd8 33. Bxe4 Re8 34. Qd3 Bxb2 35. Ng4 Qc7 36. Nxf6+ Bxf6 37. Re2 a5 38. Bd5 Rd8 39. Qc2 Qd7 40. Re6 a4 41. Ra6 a3 42. Qe4 Re8 43. Re6 Rb8 44. Ra6 Kg8 45. Kg2 Kh8 46. h4 Re8 47. Qf3 Bd4 48. Bc6 Qc8 49. Ra8 Qxa8 50. Bxa8 b3 51. Qxb3 Rxa8 52. Qb7 Re8 53. Kf3 Re1 54. Qxf7 Rb1 55. Qe8+ Kh7 56. f6 Rb2 57. Qe4+ Kg8 58. Qe8+ Kh7 59. Qe4+ Kg8 60. Qd5+ Kf8 61. fxg7+ Kxg7 62. Qd7+ Kf6 63. Kg4 Rxa2 64. Qc6+ Ke7 65. f4 Rb2 66. Qc7+ Ke6 67. Qc8+ Ke7 68. Qc7+ Ke8 69. Qc8+ Ke7 70. Kf5 a2 71. Qe6+ Kd8 72. Qa6 Kc7 73. Qa5+ Kb7 74. Ke6 Rb6+ 75. Kd5 a1=Q 0-1


[Site "https://www.chess.com"]

[Event "Titled Tuesday Blitz October 31 Early 2023"]
[White "Bok, Benjamin"]
[Black "Hayrapetyan, Hovik"]
[WhiteFideId "1017063"]
[BlackFideId "13302639"]
[WhiteElo "2966"]
[BlackElo "2783"]
[Result "0-1"]
[Round "6"]
[TimeControl "180+1"]
[Date "2023.10.31"]
[WhiteClock "0:00:00"]
[BlackClock "0:00:04"]
[Board "12"]

1. d4 Nf6 2. c4 e6 3. Nc3 Bb4 4. Qc2 d5 5. a3 Bxc3+ 6. Qxc3 O-O 7. Bg5 c5 8. dxc5 d4 9. Qf3 Nc6 10. O-O-O e5 11. e3 Bg4 12. Qxg4 Nxg4 13. Bxd8 Raxd8 14. Nh3 dxe3 15. f3 Rxd1+ 16. Kxd1 Rd8+ 17. Kc1 Nh6 18. Be2 Rd2 19. Re1 Nd4 20. Bd1 Rxg2 21. Rxe3 f6 22. f4 Nhf5 23. Re1 Rxh2 24. Bg4 h5 25. Bxf5 Nxf5 26. fxe5 Rxh3 27. exf6 gxf6 28. Re8+ Kf7 29. Rb8 Ke6 30. Rxb7 Nd4 31. Rxa7 Nb3+ 32. Kc2 Nxc5 33. b4 Ne4 34. c5 Kd5 35. Kb2 Kc4 36. c6 Rh2+ 37. Kc1 Kc3 38. Kd1 Rd2+ 39. Ke1 Rc2 40. Rd7 Kb3 41. c7 Kxa3 42. b5 Rc1+ 43. Ke2 Nc3+ 44. Kd2 Kb2 45. b6 Rd1+ 46. Ke3 Rxd7 47. c8=Q Nd5+ 48. Kf3 Nxb6 49. Qc6 Rd3+ 50. Ke2 Rb3 51. Qxf6+ Ka2 52. Qf7 h4 53. Qh7 h3 54. Qh8 h2 55. Kd2 Rb5 0-1


[Site "https://www.chess.com"]

[Event "Titled Tuesday Blitz October 31 Early 2023"]
[White "Sjugirov, Sanan"]
[Black "Saydaliev, Saidakbar"]
[WhiteFideId "4189302"]
[BlackFideId "14203693"]
[WhiteElo "2955"]
[BlackElo "2782"]
[Result "1-0"]
[Round "6"]
[TimeControl "180+1"]
[Date "2023.10.31"]
[WhiteClock "0:00:04"]
[BlackClock "0:00:00"]
[Board "13"]

1. d4 Nf6 2. c4 e6 3. Nf3 d5 4. g3 dxc4 5. Bg2 Bb4+ 6. Bd2 a5 7. Qc2 b5 8. a4 c6 9. axb5 Bxd2+ 10. Qxd2 cxb5 11. Qg5 O-O 12. Qxb5 Qd5 13. Qa4 Bd7 14. Qa3 Bc6 15. O-O a4 16. Rc1 Nbd7 17. Nbd2 Nb6 18. Qc5 Rfb8 19. Rc2 Nfd7 20. Qa3 Qb5 21. Rac1 h6 22. e3 Nf6 23. Nxc4 Nxc4 24. Rxc4 Bd5 25. R4c2 Be4 26. Rc7 Qd5 27. Ne1 Bxg2 28. Nxg2 Qf3 29. Ne1 Qf5 30. R7c5 Nd5 31. Qd3 Qf6 32. Qe2 a3 33. bxa3 Rxa3 34. Nd3 g6 35. h4 h5 36. Ne5 Kg7 37. Kg2 Rab3 38. R1c2 Rb1 39. Qf3 Qxf3+ 40. Nxf3 R8b2 41. Nd2 Rxc2 42. Rxc2 Re1 43. Nc4 Kf6 44. Rb2 Kf5 45. Nd6+ Kf6 46. Rb7 e5 47. Rb5 1-0


[Site "https://www.chess.com"]